WIN
ATLANTA (WIN) BRAVES @ WASHINGTON (WIN) NATIONALS
12/15/2046
 
TOP OF THE 1ST
Atlanta (WIN) Braves batting - Pitching for Washington (WIN) Nationals : RHP Jason Cheek
Pitching: RHP Jason Cheek
Batting: LHB Erik Gretzky 0-0: Called Strike
0-1: Ball
1-1: Ball
2-1: Fly out, F8 (Flyball, 8RM, EV 92.5 MPH)
Batting: RHB Hieronim Rutkowski 0-0: Ball
1-0: Called Strike
1-1: Fly out, F8 (Flyball, 8RD, EV 81.2 MPH)
Batting: RHB Xavier Davis 0-0: Ground out 6-3 (Groundball, 6, EV 78.8 MPH)
Top of the 1st over - 0 runs, 0 hits, 0 errors, 0 left on base; Atlanta (WIN) 0 - Washington (WIN) 0
BOTTOM OF THE 1ST
Washington (WIN) Nationals batting - Pitching for Atlanta (WIN) Braves : RHP Jeremy Kasten
Pitching: RHP Jeremy Kasten
Batting: RHB Dusty Ballard 0-0: Called Strike
0-1: Ball
1-1: Foul Ball, location: 2F
1-2: Fly out, F9 (Line Drive, 9, EV 105.6 MPH)
Batting: LHB Kyung-jin Cho 0-0: Ball
1-0: Foul Ball, location: 2F
1-1: Called Strike
1-2: Ball
2-2: Strikes out looking
Batting: RHB Dave Vargas 0-0: Called Strike
0-1: Called Strike
0-2: Ball
1-2: Foul Ball, location: 2F
1-2: Foul Ball, location: 2F
1-2: Ball
2-2: Ball
3-2: Fly out, F7 (Flyball, 78S, EV 90.6 MPH)
Bottom of the 1st over - 0 runs, 0 hits, 0 errors, 0 left on base; Atlanta (WIN) 0 - Washington (WIN) 0
TOP OF THE 2ND
Atlanta (WIN) Braves batting - Pitching for Washington (WIN) Nationals : RHP Jason Cheek
Batting: RHB Tade Post 0-0: Foul Ball, location: 2F
0-1: DOUBLE (Line Drive, 78D, EV 115.0 MPH)
Batting: RHB John Peterson 0-0: Ball
1-0: Foul Ball, location: 2F
1-1: Foul Ball, location: 2F
1-2: Ball
2-2: Strikes out swinging
Batting: RHB Corey Dalton 0-0: Ball
1-0: Called Strike
1-1: SINGLE (Line Drive, 7LM, EV 102.5 MPH)
Tade Post to third
Runner from 3rd tries for Home, SAFE, throw by LF to home
Batting: RHB Edgar Castillo 0-0: Ball
1-0: Grounds into double play, 6-4-3 (Groundball, 6, EV 101.2 MPH)
Top of the 2nd over - 1 run, 2 hits, 0 errors, 0 left on base; Atlanta (WIN) 1 - Washington (WIN) 0
BOTTOM OF THE 2ND
Washington (WIN) Nationals batting - Pitching for Atlanta (WIN) Braves : RHP Jeremy Kasten
Batting: LHB Jae-ik Soung 0-0: Ball
1-0: Swinging Strike
1-1: Swinging Strike
1-2: Ball
2-2: Ball
3-2: Foul Ball, location: 2F
3-2: Foul Ball, location: 2F
3-2: Strikes out swinging
Batting: LHB Alexis Cantu 0-0: Ball
1-0: Foul Ball, location: 2F
1-1: Foul Ball, location: 2F
1-2: Ball
2-2: Ground out 3-1 (Groundball, 34S, EV 85.0 MPH)
Batting: LHB Dillon Gonzalez 0-0: Called Strike
0-1: Called Strike
0-2: Strikes out swinging
Bottom of the 2nd over - 0 runs, 0 hits, 0 errors, 0 left on base; Atlanta (WIN) 1 - Washington (WIN) 0
TOP OF THE 3RD
Atlanta (WIN) Braves batting - Pitching for Washington (WIN) Nationals : RHP Jason Cheek
Batting: RHB Toki Takeuchi 0-0: Ball
1-0: Called Strike
1-1: Ball
2-1: Swinging Strike
2-2: Strikes out swinging
Batting: RHB Alex Velasquez 0-0: Foul Ball, location: 2F
0-1: Swinging Strike
0-2: Ball
1-2: Strikes out swinging, 2-3 out at first.
Batting: LHB Erik Gretzky 0-0: Called Strike
0-1: Ball
1-1: Ball
2-1: Called Strike
2-2: Ball
3-2: Base on Balls
Batting: RHB Hieronim Rutkowski 0-0: Fly out, F4 (Popup, 4M, EV 53.8 MPH)
Top of the 3rd over - 0 runs, 0 hits, 0 errors, 1 left on base; Atlanta (WIN) 1 - Washington (WIN) 0
BOTTOM OF THE 3RD
Washington (WIN) Nationals batting - Pitching for Atlanta (WIN) Braves : RHP Jeremy Kasten
Batting: RHB Justin Bonner 0-0: Ball
1-0: Ball
2-0: Called Strike
2-1: Ball
3-1: Base on Balls
Batting: RHB Kevin Wick 0-0: Called Strike
0-1: Ball
1-1: Foul Ball, location: 2F
1-2: Ball
2-2: Ball
3-2: Strikes out swinging
Justin Bonner is caught stealing 2nd base 2-4
Batter strikes out.
Batting: RHB Jon Buscher 0-0: Ball
1-0: Ball
2-0: Foul Ball, location: 2F
2-1: Ground out 4-3 (Groundball, 4, EV 88.8 MPH)
Bottom of the 3rd over - 0 runs, 0 hits, 0 errors, 0 left on base; Atlanta (WIN) 1 - Washington (WIN) 0
TOP OF THE 4TH
Atlanta (WIN) Braves batting - Pitching for Washington (WIN) Nationals : RHP Jason Cheek
Batting: RHB Xavier Davis 0-0: Ball
1-0: Called Strike
1-1: SINGLE (Groundball, 6MD, EV 107.5 MPH)
Batting: RHB Tade Post 0-0: Called Strike
0-1: Grounds into double play, 3-6-3 (Groundball, 3, EV 89.4 MPH)
Batting: RHB John Peterson 0-0: Called Strike
0-1: Called Strike
0-2: Strikes out looking
Top of the 4th over - 0 runs, 1 hit, 0 errors, 0 left on base; Atlanta (WIN) 1 - Washington (WIN) 0
BOTTOM OF THE 4TH
Washington (WIN) Nationals batting - Pitching for Atlanta (WIN) Braves : RHP Jeremy Kasten
Batting: RHB Dusty Ballard 0-0: Ball
1-0: Ground out 6-3 (Groundball, 6, EV 85.0 MPH)
Batting: LHB Kyung-jin Cho 0-0: Swinging Strike
0-1: Swinging Strike
0-2: Ball
1-2: Ball
2-2: Ball
3-2: TRIPLE (Flyball, 9LD, EV 108.1 MPH)
Batting: RHB Dave Vargas 0-0: Ball
1-0: DOUBLE (Flyball, 89D, EV 112.5 MPH)
Kyung-jin Cho scores
Batting: LHB Jae-ik Soung 0-0: Swinging Strike
0-1: Ball
1-1: Foul Ball, location: 2F
1-2: Ball
2-2: Strikes out swinging
Batting: LHB Alexis Cantu 0-0: Ball
1-0: DOUBLE (Line Drive, 9LS, EV 107.5 MPH)
Dave Vargas scores
Batting: LHB Dillon Gonzalez 0-0: Called Strike
0-1: Foul Ball, location: 2F
0-2: Ball
1-2: Foul Ball, location: 2F
1-2: Ball
2-2: Ball
3-2: Foul Ball, location: 2F
3-2: Ground out 6-3 (Groundball, 6, EV 84.4 MPH)
Bottom of the 4th over - 2 runs, 3 hits, 0 errors, 1 left on base; Atlanta (WIN) 1 - Washington (WIN) 2
TOP OF THE 5TH
Atlanta (WIN) Braves batting - Pitching for Washington (WIN) Nationals : RHP Jason Cheek
Batting: RHB Corey Dalton 0-0: SINGLE (Groundball, 56D, EV 109.4 MPH)
Batting: RHB Edgar Castillo 0-0: Ball
1-0: Fly out, F8 (Flyball, 8RD, EV 100.6 MPH)
Batting: RHB Toki Takeuchi 0-0: Swinging Strike
0-1: Foul Ball, location: 2F
0-2: Fly out, F9 (Flyball, 9, EV 86.2 MPH)
Batting: RHB Alex Velasquez 0-0: Ball
1-0: Foul Ball, location: 2F
1-1: Ball
2-1: Foul Ball, location: 2F
2-2: SINGLE (Line Drive, 34D, EV 100.0 MPH)
Corey Dalton to second
Runner from 2nd tries for 3rd, SAFE, throw by RF made to third
Batting: LHB Erik Gretzky 0-0: Called Strike
Alex Velasquez is caught stealing 2nd base 2-6
Top of the 5th over - 0 runs, 2 hits, 0 errors, 1 left on base; Atlanta (WIN) 1 - Washington (WIN) 2
BOTTOM OF THE 5TH
Washington (WIN) Nationals batting - Pitching for Atlanta (WIN) Braves : RHP Jeremy Kasten
Batting: RHB Justin Bonner 0-0: Swinging Strike
0-1: Ball
1-1: Foul Ball, location: 2F
1-2: Strikes out swinging
Batting: RHB Kevin Wick 0-0: Ball
1-0: Swinging Strike
1-1: Called Strike
1-2: Foul Ball, location: 2F
1-2: Foul Ball, location: 2F
1-2: Ground out 6-3 (Groundball, 6, EV 91.2 MPH)
Batting: RHB Jon Buscher 0-0: Called Strike
0-1: Swinging Strike
0-2: Ball
1-2: Foul Ball, location: 2F
1-2: Ground out 6-3 (Groundball, 56, EV 102.5 MPH)
Bottom of the 5th over - 0 runs, 0 hits, 0 errors, 0 left on base; Atlanta (WIN) 1 - Washington (WIN) 2
TOP OF THE 6TH
Atlanta (WIN) Braves batting - Pitching for Washington (WIN) Nationals : RHP Jason Cheek
Batting: LHB Erik Gretzky 0-0: Called Strike
0-1: Ball
1-1: Foul Ball, location: 2F
1-2: Fly out, F8 (Flyball, 89D, EV 97.5 MPH)
Batting: RHB Hieronim Rutkowski 0-0: Ball
1-0: Ball
2-0: Foul Ball, location: 2F
2-1: SINGLE (Flyball, 89S, EV 92.5 MPH)
Batting: RHB Xavier Davis 0-0: Called Strike
0-1: Ball
1-1: TRIPLE (Line Drive, 89XD, EV 105.6 MPH)
Hieronim Rutkowski scores
Batting: RHB Tade Post 0-0: Called Strike
0-1: Foul Ball, location: 2F
0-2: Ball
1-2: Foul Ball, location: 2F
1-2: Foul Ball, location: 2F
1-2: Ball
2-2: Foul Ball, location: 2F
2-2: Foul Ball, location: 2F
2-2: Strikes out swinging
Batting: RHB John Peterson 0-0: Called Strike
0-1: Ground out 4-3 (Groundball, 4MD, EV 108.1 MPH)
Top of the 6th over - 1 run, 2 hits, 0 errors, 1 left on base; Atlanta (WIN) 2 - Washington (WIN) 2
BOTTOM OF THE 6TH
Washington (WIN) Nationals batting - Pitching for Atlanta (WIN) Braves : RHP Jeremy Kasten
Batting: RHB Dusty Ballard 0-0: Ball
1-0: Ball
2-0: Called Strike
2-1: Ball
3-1: Base on Balls
Pitching: LHP Justin Hawk
Batting: LHB Kyung-jin Cho 0-0: Ball
1-0: Ball
Dusty Ballard steals 2nd base
2-0: Foul Ball, location: 2F
2-1: Foul Ball, location: 2F
2-2: Foul Ball, location: 2F
2-2: Foul Ball, location: 2F
2-2: Ground out 3-1 (Groundball, 34S, EV 83.1 MPH)
Dusty Ballard to third
Batting: RHB Dave Vargas 0-0: Swinging Strike
0-1: Swinging Strike
0-2: Strikes out swinging
Batting: LHB Jae-ik Soung 0-0: Foul Ball, location: 2F
0-1: Swinging Strike
0-2: Strikes out looking
Bottom of the 6th over - 0 runs, 0 hits, 0 errors, 1 left on base; Atlanta (WIN) 2 - Washington (WIN) 2
TOP OF THE 7TH
Atlanta (WIN) Braves batting - Pitching for Washington (WIN) Nationals : RHP Jason Cheek
Batting: RHB Corey Dalton 0-0: Called Strike
0-1: Ball
1-1: Reached on error, E6 (Groundball, 6M, EV 101.2 MPH)
Pitching: RHP Cory Jones
Batting: RHB Edgar Castillo 0-0: Ball
1-0: Fly out, F7 (Flyball, 7S, EV 79.4 MPH)
Pinch Hitting: LHB Luis Cruz 0-0: Intentional Walk
Batting: RHB Alex Velasquez 0-0: Grounds into double play, 5-4-3 (Groundball, 56, EV 100.6 MPH)
Top of the 7th over - 0 runs, 0 hits, 1 error, 1 left on base; Atlanta (WIN) 2 - Washington (WIN) 2
BOTTOM OF THE 7TH
Washington (WIN) Nationals batting - Pitching for Atlanta (WIN) Braves : LHP Justin Hawk
Now in LF: Edgar Castillo
Now in CF: Erik Gretzky
Now in RF: Luis Cruz
Batting: LHB Alexis Cantu 0-0: Ball
1-0: Called Strike
1-1: Foul Ball, location: 2F
1-2: Foul Ball, location: 2F
1-2: Strikes out swinging
Batting: LHB Dillon Gonzalez 0-0: Foul Ball, location: 2F
0-1: Ball
1-1: Ball
2-1: Foul Ball, location: 2F
2-2: TRIPLE (Line Drive, 9LD, EV 97.5 MPH)
Batting: RHB Justin Bonner 0-0: Ball
1-0: SINGLE (Groundball, 6M, EV 101.2 MPH)
Dillon Gonzalez scores
Pitching: RHP Gordon Cushing
Batting: RHB Kevin Wick 0-0: Called Strike
0-1: Foul Ball, location: 2F
0-2: Ball
1-2: Ball
2-2: Ball
3-2: Ground out 5-3 (Groundball, 56S, EV 78.1 MPH)
Justin Bonner to second
Batting: RHB Jon Buscher 0-0: Called Strike
0-1: Ball
1-1: Swinging Strike
1-2: Foul Ball, location: 2F
1-2: Strikes out swinging
Bottom of the 7th over - 1 run, 2 hits, 0 errors, 1 left on base; Atlanta (WIN) 2 - Washington (WIN) 3
TOP OF THE 8TH
Atlanta (WIN) Braves batting - Pitching for Washington (WIN) Nationals : RHP Cory Jones
Pitching: LHP Mike Tracy
Batting: LHB Erik Gretzky 0-0: Ball
1-0: Ball
2-0: Foul Ball, location: 2F
2-1: Ball
3-1: Called Strike
3-2: SINGLE (Groundball, 4MD, EV 102.5 MPH)
Pitching: RHP Caleb Westbay
Batting: RHB Hieronim Rutkowski 0-0: Sac Bunt to 5S - play at first, batter OUT! 5-3
Erik Gretzky to second
Batting: RHB Xavier Davis 0-0: Ball
1-0: Ball
2-0: Foul Ball, location: 2F
2-1: Swinging Strike
2-2: Foul Ball, location: 2F
2-2: Strikes out swinging
Batting: RHB Tade Post 0-0: Ball
1-0: SINGLE (Groundball, 34D, EV 105.0 MPH)
Erik Gretzky to third
Runner from 3rd tries for Home, SAFE, throw by RF to home
Batting: RHB John Peterson 0-0: Ball
1-0: Fly out, F9 (Flyball, 89M, EV 85.6 MPH)
Top of the 8th over - 1 run, 2 hits, 0 errors, 1 left on base; Atlanta (WIN) 3 - Washington (WIN) 3
BOTTOM OF THE 8TH
Washington (WIN) Nationals batting - Pitching for Atlanta (WIN) Braves : RHP Gordon Cushing
Batting: RHB Dusty Ballard 0-0: Foul Ball, location: 2F
0-1: Foul Ball, location: 2F
0-2: Ball
1-2: Ball
2-2: Foul Ball, location: 2F
2-2: SINGLE (Groundball, 56S, EV 66.2 MPH) (infield hit)
Batting: LHB Kyung-jin Cho 0-0: Called Strike
0-1: Bunted foul
0-2: Ball
1-2: Ball
2-2: Ball
3-2: Strikes out swinging
Dusty Ballard steals 2nd base
Batter strikes out.
Pitching: LHP Steve Young
Batting: RHB Dave Vargas 0-0: Ball
Dusty Ballard steals 3rd base
1-0: Ball
2-0: Called Strike
2-1: Fly out, F7 (Line Drive, 78M, EV 93.1 MPH)
Runner from 3rd tags up, SCORES, no throw by LF
Batting: LHB Jae-ik Soung 0-0: Called Strike
0-1: Foul Ball, location: 2F
0-2: Fly out, F8 (Line Drive, 8RS, EV 92.5 MPH)
Bottom of the 8th over - 1 run, 1 hit, 0 errors, 0 left on base; Atlanta (WIN) 3 - Washington (WIN) 4
TOP OF THE 9TH
Atlanta (WIN) Braves batting - Pitching for Washington (WIN) Nationals : RHP Caleb Westbay
Pitching: RHP Gareth Cutts
Batting: RHB Corey Dalton 0-0: Ball
1-0: SINGLE (Line Drive, 9LM, EV 103.1 MPH)
Batting: RHB Edgar Castillo 0-0: Sac Bunt to 13S - play at first, batter OUT! 1-3
Corey Dalton to second
Batting: LHB Luis Cruz 0-0: Ball
1-0: Foul Ball, location: 2F
1-1: Swinging Strike
1-2: Strikes out swinging
Batting: RHB Alex Velasquez 0-0: Called Strike
0-1: Foul Ball, location: 2F
0-2: Ball
1-2: Strikes out swinging
Top of the 9th over - 0 runs, 1 hit, 0 errors, 1 left on base; Atlanta (WIN) 3 - Washington (WIN) 4
Tuesday, September 13th , 2022 - OOTP Baseball 23.7 Build 88